 Dungeon Sprint DCSS version 0.31.0-32-g396128a36d (webtiles) character file.

Game seed: 17487767737711003924

13353 Heoruswealwe the Phalangite (level 11, -9/119 HPs)
             Began as a Minotaur Fighter on Mar 9, 2024.
             Was an Initiate of Gozag.
             Killed from afar by an orc sorcerer (27 damage)
             ... with a bolt of fire
             ... while paralysed by an orc sorcerer
             ... in the Dungeon (Sprint IX: "|||||||||||||||||||||||||||||").
             The game lasted 00:10:01 (1599 turns).

Heoruswealwe the Phalangite (Minotaur Fighter)      Turns: 1599, Time: 00:10:02

Health: -9/119     AC: 22    Str: 26    XL:     11   Next: 74%
Magic:  10/10      EV:  2    Int:  5    God:    Gozag
Gold:   5086       SH:  0    Dex:  9    Spells: 10/10 levels left

rFire   . . .        b - +5 scythe "Finisher" {speed, execute}
rCold   . . .        (shield currently unavailable)
rNeg    . . .        c - +1 chain mail
rPois   .            g - +1 hat
rElec   .            h - +0 cloak
rCorr   +            (no gloves)
SInv    .            e - +0 pair of boots
Will    .....        (no amulet) Stlth
                     k - +2 ring of protection
HPRegen 0.39/turn    j - ring of resist corrosion
MPRegen 0.12/turn

%: no teleportation
@: paralysed, mighty, gold aura, hasted
A: horns 2, retaliatory headbutt
a: Renounce Religion, Potion Petition, Call Merchant, Bribe Branch


You were in the Dungeon.
You worshipped Gozag.
Gozag was greatly pleased with you.
You visited 1 branch You collected 5086 gold pieces.

Inventory:

Hand Weapons
 a - a +0 trident
 b - the +5 scythe "Finisher" (weapon) {speed, execute}
   (You found it in the Dungeon)
Armour
 c - a +1 chain mail (worn)
 d - a +0 buckler
 e - a +0 pair of boots (worn)
 g - a +1 hat (worn)
 h - a +0 cloak (worn)
Jewellery
 j - a ring of resist corrosion (right hand)
 k - a +2 ring of protection (left hand)
Wands
 r - a wand of iceblast (10)
Scrolls
 n - 2 scrolls of identify
 o - 2 scrolls of enchant armour
 p - a scroll of enchant weapon
 q - 2 scrolls of blinking
Potions
 i - a potion of berserk rage
 l - 3 potions of curing
 m - a potion of might
 s - 2 potions of haste


   Skills:
 + Level 18.0 Fighting
 * Level 24.2 Polearms
 + Level 18.0 Armour
 - Level 3.6 Shields


You had 10 spell levels left.
You didn't know any spells.
Your spell library was empty.

Dungeon Overview and Level Annotations

Branches:
Dungeon (1/1)

Altars:
Cheibriados
Dithmenos
Elyvilon
Fedhas
Gozag
Hepliaklqana
Kikubaaqudgha
Makhleb
Nemelex Xobeh
Okawaru
Qazlal
Ru
Sif Muna
Trog
Uskayaw
Vehumet
Wu Jian
Xom
Yredelemnul
Zin
The Shining One
Jiyva
Lugonu


Innate Abilities, Weirdness & Mutations

You have a pair of horns on your head.
You reflexively headbutt those who attack you in melee.


Message History

The orc knight barely misses you.
The orc warrior hits you from afar with a +0 halberd.
* * * LOW HITPOINT WARNING * * *
An orc sorcerer comes into view.
It is wielding a +0 dagger and wearing a +2 robe of fire resistance.
You feel very mighty all of a sudden.
The orc sorcerer shouts!
You feel much better.
The sixfirhy is no longer distracted by gold.
The orc knight no longer looks unusually strong.
The orc knight hits you with a +0 great sword!
The orc warrior closely misses you.
The orc high priest prays to Beogh.
You feel much better.
The orc knight hits you with a +0 great sword!
The orc sorcerer casts a spell.
The orc warrior hits you from afar with a +0 halberd!!
* * * LOW HITPOINT WARNING * * *
You chop the orc knight into pieces!!!
You blow up the orc knight!
The orc high priest mumbles some strange prayers to Beogh against you.
Beogh smites you!
* * * LOW HITPOINT WARNING * * *
You cut the orc warrior into ribbons!!!
You kill the orc warrior!
The orc warrior no longer looks unusually strong.
Your Polearms skill increases to level 24!
You impale the orc high priest!!
You blow up the orc high priest!
The sixfirhy disappears in a puff of smoke!
The red devil disappears in a puff of smoke!
Your Fighting skill increases to level 18!
Your Armour skill increases to level 18!
The orc sorcerer gestures at you while chanting.
You suddenly lose the ability to move!
The orc sorcerer casts a spell at you.
You shrug off the repeated paralysis!
The orc sorcerer casts a spell at you. The bolt of fire hits you!!
You die...
Your body crumbles into a pile of gold.

▓_▓.▓.▓.▓.▓
▓_▓.▓.▓.▓.▓
▓_▓.▓.▓.▓.▓
▓_▓.▓'▓.▓.▓
▓_▓.▓.▓.▓.▓
▓_▓.▓.▓.▓.▓
▓_▓.▓.▓.▓.▓
▓_▓.▓.▓.▓.▓
▓_▓.▓.▓.▓@▓
▓_▓.▓.▓.▓$▓
▓_▓.▓.▓.▓$▓
▓_▓.▓.▓.▓o▓
▓_▓.▓.▓.▓$▓
▓_▓.▓'▓.▓o▓
▓_▓.▓.▓.▓o▓
▓_▓.▓.▓.▓$▓
▓_▓.▓.▓.▓


You could see an orc sorcerer, an orc warrior and an orc priest.

Vanquished Creatures
  Gastronok (D)
  2 two-headed ogres (D)
  Erica (D)
  A boulder beetle (D)
  5 death yaks (D)
  An orc high priest (D)
  2 orc knights (D)
  4 cane toads (D)
  A kobold demonologist (D)
  A rime drake (D)
  An unseen horror (D)
  2 trolls (D)
  A polar bear (D)
  A dream sheep (D)
  A shadow (D)
  6 yaks (D)
  2 vampire mosquitoes (D)
  A steam dragon (D)
  A basilisk (D)
  3 water moccasins (D)
  3 orc warriors (D)
  2 black bears (D)
  A laughing skull (D)
  2 bullfrogs (D)
  A wight (D)
  A jelly (D)
  7 orc priests (D)
  A hound (D)
  An iguana (D)
  2 orc wizards (D)
  A white imp (D)
  4 orcs (D)
  An endoplasm (D)
  A quokka (D)
  A ball python (D)
  A kobold (D)
  A rat (D)
69 creatures vanquished.

Notes
Turn   | Place    | Note
-------+----------+-------------------------------------------
     0 | D        | Heoruswealwe the Minotaur Fighter began the quest for the
                  | Orb.
     0 | D        | Reached XP level 1. HP: 19/19 MP: 0/0
     7 | D        | Reached skill level 3 in Polearms
    29 | D        | Noticed an iguana
    29 | D        | Noticed a jelly
    29 | D        | Noticed a black bear
    29 | D        | Noticed a hound
    31 | D        | Killed an iguana
    32 | D        | Reached skill level 5 in Fighting
    32 | D        | Reached skill level 5 in Polearms
    32 | D        | Reached skill level 5 in Armour
    32 | D        | Reached XP level 2. HP: 29/29 MP: 1/1
    32 | D        | Reached XP level 3. HP: 36/36 MP: 2/2
    36 | D        | Reached skill level 6 in Polearms
    40 | D        | Killed a black bear
    41 | D        | Reached skill level 8 in Polearms
    41 | D        | Reached XP level 4. HP: 15/47 MP: 3/3
    41 | D        | Reached XP level 5. HP: 17/52 MP: 4/4
    45 | D        | Reached skill level 9 in Polearms
    60 | D        | Found a snail-covered altar of Cheibriados.
    60 | D        | Found a shadowy altar of Dithmenos.
    60 | D        | Found a white marble altar of Elyvilon.
    60 | D        | Found a blossoming altar of Fedhas.
    60 | D        | Found an opulent altar of Gozag.
    61 | D        | Found a hazy altar of Hepliaklqana.
    62 | D        | Found a viscous altar of Jiyva.
    63 | D        | Found an ancient bone altar of Kikubaaqudgha.
    64 | D        | Found a corrupted altar of Lugonu.
    65 | D        | Found a burning altar of Makhleb.
    66 | D        | Found a sparkling altar of Nemelex Xobeh.
    67 | D        | Found an iron altar of Okawaru.
    68 | D        | Became a worshipper of Gozag Ym Sagoz the Greedy
    69 | D        | Found a stormy altar of Qazlal.
    70 | D        | Found a sacrificial altar of Ru.
    71 | D        | Found a shimmering blue altar of Sif Muna.
    72 | D        | Found a bloodstained altar of Trog.
    73 | D        | Found a hide-covered altar of Uskayaw.
    74 | D        | Found a radiant altar of Vehumet.
    75 | D        | Found an ornate altar of the Wu Jian Council.
    76 | D        | Found a shimmering altar of Xom.
    77 | D        | Found a basalt altar of Yredelemnul.
    78 | D        | Found a glowing silver altar of Zin.
    79 | D        | Found a glowing golden altar of the Shining One.
    87 | D        | Found the +5 scythe "Finisher" {speed, execute}
   151 | D        | Noticed a troll
   151 | D        | Noticed a troll
   151 | D        | Noticed a kobold demonologist
   151 | D        | Noticed a two-headed ogre
   151 | D        | Noticed a vampire mosquito
   155 | D        | Reached skill level 10 in Polearms
   156 | D        | Killed a troll
   157 | D        | Reached skill level 12 in Polearms
   157 | D        | Reached XP level 6. HP: 55/64 MP: 5/5
   157 | D        | Noticed a hellwing
   166 | D        | Noticed a rust devil
   172 | D        | Killed a two-headed ogre
   173 | D        | Reached skill level 14 in Polearms
   173 | D        | Reached XP level 7. HP: 19/74 MP: 6/6
   173 | D        | Reached XP level 8. HP: 21/82 MP: 7/7
   176 | D        | Killed a troll
   177 | D        | Reached skill level 15 in Polearms
   178 | D        | Killed a kobold demonologist
   179 | D        | Reached skill level 16 in Polearms
   391 | D        | Noticed a two-headed ogre
   391 | D        | Noticed a boulder beetle
   401 | D        | Killed an unseen horror
   406 | D        | Killed a two-headed ogre
   407 | D        | Reached skill level 17 in Polearms
   407 | D        | Reached XP level 9. HP: 28/93 MP: 8/8
   491 | D        | Killed a boulder beetle
   492 | D        | Reached skill level 18 in Polearms
   738 | D        | Noticed a cane toad
   738 | D        | Noticed a polar bear
   738 | D        | Noticed a cane toad
   746 | D        | Reached skill level 19 in Polearms
   748 | D        | Killed a cane toad
   749 | D        | Reached XP level 10. HP: 90/104 MP: 9/9
   763 | D        | Killed a cane toad
   765 | D        | Reached skill level 20 in Polearms
   772 | D        | Reached skill level 15 in Fighting
   772 | D        | Reached skill level 15 in Armour
   870 | D        | Noticed a cane toad
   885 | D        | Noticed a cane toad
   895 | D        | Killed a cane toad
   899 | D        | Reached skill level 21 in Polearms
   899 | D        | Killed a cane toad
   961 | D        | Noticed a death yak
   961 | D        | Noticed a death yak
   961 | D        | Noticed a death yak
   961 | D        | Noticed a death yak
   962 | D        | Noticed a death yak
   967 | D        | Killed a death yak
   971 | D        | Killed a death yak
   980 | D        | Killed a death yak
   981 | D        | Reached skill level 22 in Polearms
   981 | D        | Reached XP level 11. HP: 72/115 MP: 10/10
   981 | D        | Killed a death yak
   988 | D        | Killed a death yak
  1178 | D        | Noticed Erica
  1180 | D        | Noticed Gastronok
  1182 | D        | Killed Erica
  1183 | D        | Reached skill level 23 in Polearms
  1186 | D        | Killed Gastronok
  1558 | D        | Noticed an orc knight
  1558 | D        | Noticed an orc knight
  1558 | D        | Noticed an orc high priest
  1573 | D        | Noticed a sixfirhy
  1577 | D        | Killed an orc knight
  1583 | D        | HP: 2/118 [orc knight/+0 great sword (26)]
  1585 | D        | Noticed an orc sorcerer
  1588 | D        | Killed an orc knight
  1592 | D        | Reached skill level 24 in Polearms
  1592 | D        | Killed an orc high priest
  1596 | D        | Paralysed by an orc sorcerer for 5 turns
  1599 | D        | Killed from afar by an orc sorcerer

Illustrated notes

Levels and vault maps discovered:
D:        linesprint [early_d, line_temple, items_1, d_10, items_2, lair_1,
          lair_end, items_3, orc_1, orc_end, items_4, d_15, swamp_1, shoals_1,
          snake_1, spider_1, d_20, vaults_1, items_5, swamp_end, shoals_end,
          snake_end, spider_end, vaults_end, d_27, items_6, zot_1, zot_end,
          crypt_end, forest_end, elf_end, slime_end, tomb_end, abyss_end,
          pan_hell_end]

Skill      XL: |  1  2  3  4  5  6  7  8  9 10 11 |
---------------+----------------------------------+-----
Polearms       | 5 8 12 14 17 19 22 24 | 24.2
Fighting       | 5 7 9 11 13 14 16 18 | 18.0
Armour         | 5 7 9 11 13 14 16 18 | 18.0
Shields        | |  3.6

Action                     |  1- 3 |  4- 6 |  7- 9 | 10-12 || total
---------------------------+-------+-------+-------+-------++-------
  Melee: Trident           |    22 |    10 |       |       ||    32
         Headbutt          |     1 |     6 |    13 |    20 ||    40
         Scythe            |       |    18 |    47 |   126 ||   191
    Use: Potion            |       |     3 |     1 |     7 ||    11
 Armour: Scale mail        |    14 |     7 |       |       ||    21
         Chain mail        |       |    20 |    35 |    52 ||   107
  Dodge: Dodged            |     5 |    10 |     8 |    16 ||    39
  Block: Buckler           |     6 |     1 |       |       ||     7
